 Dungeon Crawl Stone Soup version 0.29-a0-284-gf9362112df (webtiles) character file.

Game seed: 14078999012291298920

88 spaghetti the Changer (level 4, -4/37 HPs)
             Began as a Deep Dwarf Transmuter on Mar 23, 2022.
             Slain by a gnoll
             ... wielding a +0 flail
              (11 damage)
             ... on level 3 of the Dungeon.
             The game lasted 00:05:54 (2267 turns).

spaghetti the Changer (Deep Dwarf Transmuter)       Turns: 2267, Time: 00:05:55

Health: -4/37      AC:  2    Str: 11 (13) XL:     4   Next: 29%
Magic:  4/5        EV: 12    Int: 11 (14) God:
Gold:   122        SH:  0    Dex: 13 (15) Spells: 3/6 levels left

rFire   . . .      SeeInvis .   a - +1 dagger (flame) {short}
rCold   . . .      Faith    .   (no shield)
rNeg    . . .      Spirit   .   i - +0 robe
rPois   .          Reflect  .   (helmet currently unavailable)
rElec   .          Harm     .   (no cloak)
rCorr   .          Rampage  .   (no gloves)
Will    .....                   (boots currently unavailable)
Stlth   +.........              m - amulet of the acrobat
HPRegen 0.00/turn               (no ring)
MPRegen 0.09/turn               (no ring)

@: appendages (expiring), wereblooded (expiring)
A: horns 2, talons 2, damage resistance, heal wounds, sense surroundings 1, no
regeneration
a: Heal Wounds, End Transformation


You were on level 3 of the Dungeon.
You had temporarily grown beastly horns and talons.
You visited 1 branch of the dungeon, and saw 3 of its levels.

You collected 122 gold pieces.


Innate Abilities, Weirdness & Mutations

You have temporarily grown beastly horns and talons.
You are resistant to damage.
You can heal yourself by infusing magical energy.
You passively map a small area around you.
You do not regenerate.


   Skills:
 - Level 0.8 Fighting
 - Level 2.1 Dodging
 - Level 2.6 Unarmed Combat
 - Level 1.7 Spellcasting
 + Level 4.2 Transmutations


You had 3 spell levels left.
You knew the following spells:

 Your Spells              Type           Power      Damage    Failure   Level
a - Beastly Appendage     Tmut           20%        N/A       5%          1
b - Wereblood             Tmut           10%        N/A       9%          2

Your spell library contained the following spells:

 Spells                   Type           Power      Damage    Failure   Level
 Spider Form              Tmut/Pois      5%         N/A       36%         3
 Ice Form                 Ice/Tmut       5%         N/A       77%         4
 Dispersal                Tloc           0%         N/A       100%        6
 Disjunction              Tloc           0%         N/A       100%        8

Inventory:

Hand Weapons
 a - a +1 dagger of flaming (weapon) {short}
   (You took it off a goblin on level 1 of the Dungeon)
 b - a +0 shortbow {bow}
   (You found it on level 3 of the Dungeon)
 f - a +0 whip {mace}
   (You found it on level 1 of the Dungeon)
Missiles
 d - 50 stones {throwing}
 n - a throwing net {=f!fthrowing}
Armour
 c - a +1 helmet (melded)
   (You found it on level 2 of the Dungeon)
 i - a +0 robe (worn)
 q - a +0 pair of boots (melded)
   (You found it on level 3 of the Dungeon)
Magical Staves
 g - a staff of conjuration {!a@e2staff}
   (You found it on level 1 of the Dungeon)
 j - a staff of air {!astaff}
   (You found it on level 1 of the Dungeon)
 o - a staff of earth {!astaff}
   (You found it on level 3 of the Dungeon)
Jewellery
 m - an amulet of the acrobat (around neck)
   (You found it on level 2 of the Dungeon)
Scrolls
 h - a scroll of teleportation {@r4}
 k - a scroll of vulnerability {!r!r}
 l - a scroll of holy word
Potions
 e - a potion of attraction {!q}

Dungeon Overview and Level Annotations

Branches:
Dungeon (3/15)

Altars:
Cheibriados
Nemelex Xobeh

* .. ,#....#.#
,
..PP..#._..#.#
, ,,, ..PP!.
...#.# ,
..PP..####.#.#
,..PP)......†.#
,
..PP.........#
).PPPPPPP..#.#
.sPPPP.PP..#.#
*
......g@†..#.#
......g....#.#
#..##.######.#
, #* ... #.# ..
#.##* * * *#..
#, , , #.## ***
#... ##.#.##


You could see a scorpion and 2 gnolls.


Message History

Your blood is infused with primal strength.
The quokka bites you but does no damage. 😕 MP[-2]
You lost 2 mp, and now have 3/5 mp.
You hit the quokka. You burn the quokka.
The quokka twitches its whiskers.
The quokka barely misses you.
You hit the quokka. You burn the quokka.
You feel a bit better.
You kill the quokka!
You howl as the wereblood boils in your veins!
A ball python comes into view.
The ball python hisses angrily.
You see here a quokka corpse. 😕 HP[+2]
You regained 2 hp, and now have 30/37 hp.
A ball python is nearby!
A ball python is nearby!
A gnoll comes into view. It is wielding a +0 flail.
There are monsters nearby!
A gnoll comes into view. It is wielding a +0 flail.
Casting: Wereblood (safe; 7% risk of failure)
Confirm with . or Enter, or press ? or * to list all spells.
You grow a pair of large bovine horns.
Your feet morph into talons.
Your +1 helmet melds into your body.
Your +0 pair of boots melds into your body.
The ball python barely misses you. The ball python grabs you.
The ball python constricts you. 😕 MP[-1]
You lost 1 mp, and now have 2/5 mp.
Your +1 dagger of flaming {short} stops flaming.
b - a +0 shortbow (weapon)
{bow} The gnoll shouts!
A gnoll comes into view. It is wielding a +0 whip.
Shoot: b) +0 shortbow {bow}
Press: ? - help, Q - select action, (/) - cycle Shift-Dir - straight line, f - ball python
Aim: a ball python (constricting you, 55% to hit)
You shoot an arrow. The gnoll shouts!
The arrow hits the ball python.
The ball python bites you but does no damage.
The ball python constricts you. The ball python closely misses you.
The ball python constricts you. 😕 MP[+1] Shoot: b) +0 shortbow {bow}
Press: ? - help, Q - select action, (/) - cycle Shift-Dir - straight line, f/p - ball python
Aim: a ball python (moderately wounded, constricting you, 55% to hit)
You shoot an arrow. The arrow hits the ball python!
You feel a bit better.
You kill the ball python! 😕 HP[+3]
You regained 3 hp, and now have 33/37 hp.
Shoot: b) +0 shortbow {bow}
Press: ? - help, Q - select action, (/) - cycle Shift-Dir - straight line, f - gnoll
Aim: a gnoll, wielding a +0 whip (64% to hit)
You shoot an arrow. The arrow hits the gnoll!
Shoot: b) +0 shortbow {bow}
Press: ? - help, Q - select action, (/) - cycle Shift-Dir - straight line, f/p - gnoll
Aim: a gnoll, wielding a +0 whip (severely wounded, 64% to hit)
You shoot an arrow. The arrow barely misses the gnoll.
You howl as the wereblood boils in your veins!
Your +1 dagger of flaming {short} bursts into flame!
a - a +1 dagger of flaming (weapon)
{short} A scorpion comes into view.
You hit the gnoll. You burn the gnoll. Your kick misses the gnoll.
You headbutt the gnoll.
You howl as the wereblood boils in your veins!
Your primal bloodlust is almost over.
The gnoll completely misses you. The gnoll hits you with a +0 flail.
The gnoll hits the plant with a +0 flail!
The plant begins to die.
You hit the gnoll. You burn the gnoll.
You feel a bit better.
You kill the gnoll!
The gnoll closely misses you. 😕 HP[+1]
You hit the gnoll. You burn the gnoll.
Your transformation is almost over.
The scorpion stings the plant.
The plant begins to die.
The gnoll closely misses you. The gnoll barely misses you.
The scorpion stings the plant.
The plant begins to die.
The plant is poisoned.
The scorpion poisons the plant!
You hit the gnoll but do no damage. Your kick misses the gnoll.
The gnoll hits you with a +0 flail! x2
The scorpion completely misses the plant. 😮 HP[-14]
You take 14 damage, and now have 20/37 hp.
MASSIVE DAMAGE!! (PAUSE)
You hit the gnoll but do no damage. You headbutt the gnoll.
A nearby plant withers and dies.
The gnoll completely misses you. The gnoll hits you with a +0 flail!
* * * LOW HITPOINT WARNING * * *
The scorpion stings the plant. 😱 HP[-13] MP[+1]
You take 13 damage, and now have 7/37 hp.
MASSIVE DAMAGE!! (PAUSE)
Okay, then.
It was a potion of degeneration.
There was something very wrong with that liquid.
You feel weakened.
You feel dopey.
You feel clumsy. The gnoll hits you with a +0 flail!
You die...

Skill      XL: |  1  2  3  4 |
---------------+-------------+-----
Transmutations | 2 3 4 |  4.2
Fighting       | |  0.8
Dodging        | |  2.1
Unarmed Combat | |  2.6
Spellcasting   | |  1.7

Action                   |  1- 3 |  4- 6 || total
-------------------------+-------+-------++-------
Melee: Whip              |    19 |       ||    19
       Headbutt          |    17 |     2 ||    19
       Unarmed           |     5 |       ||     5
       Kick              |    17 |     5 ||    22
       Dagger            |    94 |    24 ||   118
 Fire: Shortbow          |       |     5 ||     5
 Cast: Beastly Appendage |    23 |     2 ||    25
       Wereblood         |    10 |     2 ||    12
 Abil: Heal Wounds       |     1 |       ||     1
  Use: Potion            |     3 |     1 ||     4
       Scroll            |     5 |     1 ||     6
Armor: Robe              |    19 |     4 ||    23
Dodge: Dodged            |    62 |    16 ||    78

Levels and vault maps discovered:
D:1:      lightli_arrival_isolated_outpost, layout_loops_ring
D:2:      layout_rooms
D:3:      layout_basic, old_standard_altar, mainiacjoe_overflow_chevrons,
          minmay_fractal_squares_5

Notes
Turn   | Place    | Note
-------+----------+-------------------------------------------
     0 | D:1      | spaghetti the Deep Dwarf Transmuter began the quest for the
                  | Orb.
     0 | D:1      | Reached XP level 1. HP: 16/16 MP: 3/3
     0 | D:1      | magus.rc [v1.9.6]
    31 | D:1      | Reached skill level 2 in Transmutations
   178 | D:1      | Reached XP level 2. HP: 18/24 MP: 4/4
   375 | D:1      | You pick up a book of the Warp and begin reading...
   375 | D:1      | You add the spells Dispersal and Disjunction to your
                  | library.
   471 | D:1      | Reached skill level 3 in Transmutations
   722 | D:2      | Reached XP level 3. HP: 13/30 MP: 3/5
  1089 | D:2      | Learned a level 2 spell: Wereblood
  1396 | D:3      | Found a sparkling altar of Nemelex Xobeh.
  1444 | D:3      | HP: 7/30 [worm (9)]
  1917 | D:3      | Reached XP level 4. HP: 17/37 MP: 3/5
  1921 | D:3      | Reached skill level 4 in Transmutations
  2243 | D:3      | Found a snail-covered altar of Cheibriados.
  2261 | D:3      | Noticed a scorpion
  2266 | D:3      | HP: 7/37 [gnoll/+0 flail (13)]
  2267 | D:3      | Slain by a gnoll

Vanquished Creatures
  A gnoll (D:3)
  An adder (D:2)
  A worm (D:3)
  A dart slug (D:2)
  An orc (D:3)
  12 ball pythons
  2 bats (D:3)
  3 endoplasms
  A giant cockroach (D:1)
  3 goblins
  7 hobgoblins
  6 jackals
  3 kobolds
  6 quokkas
  A frilled lizard (D:1)
  7 rats
56 creatures vanquished.

Vanquished Creatures (others)
  A plant (D:3)
1 creature vanquished.

Grand Total: 57 creatures vanquished

Table legend:
 A = Non-vault XP
 B = Vault XP
 C = Vault XP percentage of total XP
 D = Non-vault monster count
 E = Vault monster count
 F = Vault count percentage of total count
                 A         B        C        D         E       F
            +---------+---------+-------+---------+---------+-------
      Total |     117 |       9 |   7.1 |      50 |       6 |  10.7
            +---------+---------+-------+---------+---------+-------
        D:1 |      35 |       0 |   0.0 |      21 |       0 |   0.0
        D:2 |      35 |       0 |   0.0 |      12 |       0 |   0.0
        D:3 |      47 |       9 |  16.1 |      17 |       6 |  26.1
            +---------+---------+-------+---------+---------+-------

Illustrated notes

Table legend:
 A = Kills in this place as a percentage of kills in entire the game.
 B = Kills by you in this place as a percentage of kills by you in the entire game.
 C = Kills by friends in this place as a percentage of kills by friends in the entire game.
 D = Other kills in this place as a percentage of other kills in the entire game.
 E = Experience gained in this place as a percentage of experience gained in the entire game.
 F = Experience gained in this place divided by the number of levels of this place that you have seen.
                   A       B       C       D       E      F
               +-------+-------+-------+-------+-------+----------------------
         Total | 100.0 | 100.0 |   N/A |   N/A | 100.0 |  42.0
       Dungeon | 100.0 | 100.0 |   N/A |   N/A | 100.0 |  42.0
               +-------+-------+-------+-------+-------+----------------------

Table legend: (Time is in decaauts)
 A = Elapsed time spent in this place.
 B = Non-inter-level travel time spent in this place.
 C = Inter-level travel time spent in this place.
 D = Time resting spent in this place.
 E = Time spent auto-exploring this place.
 F = Levels seen in this place.
 G = Mean time per level.
                   A        B        C        D        E       F      G
               +--------+--------+--------+--------+--------+-----+--------+
         Total |   2258 |   2211 |     47 |    263 |   1498 |   3 |  752.7 |
       Dungeon |   2258 |   2211 |     47 |    263 |   1498 |   3 |  752.7 |
               +--------+--------+--------+--------+--------+-----+--------+

Top non-repeatable levels by time:
     D:3: 1055 daAuts
     D:1: 663 daAuts
     D:2: 539 daAuts
